 Dungeon Crawl Stone Soup version 0.31-a0-45-g5f0c076935 (webtiles) character file.

Game seed: 17300620750087150361

289 bande the Chopper (level 6, -3/39 HPs)
             Began as a Gargoyle Fighter on May 22, 2023.
             Slain by an ogre
             ... wielding a +0 giant club
              (8 damage)
             ... on level 4 of the Dungeon.
             The game lasted 00:05:00 (3669 turns).

bande the Chopper (Gargoyle Fighter)                Turns: 3669, Time: 00:05:00

Health: -3/39      AC: 11    Str: 19    XL:     6   Next: 31%
Magic:  6/6        EV:  9    Int:  9    God:
Gold:   241        SH:  5    Dex: 11    Spells: 5/5 levels left

rFire   . . .        a - +0 war axe
rCold   . . .        c - +1 buckler
rNeg    + . .        b - +0 scale mail
rPois   ∞            (no helmet)
rElec   +            (no cloak)
rCorr   .            (no gloves)
SInv    .            (no boots)
Will    +....        (no amulet) Stlth
                     e - ring of willpower
HPRegen 0.26/turn    (no ring)
MPRegen 0.10/turn

%: no passive effects
@: no status effects
A: sickness immunity, AC +4, negative energy resistance 1, electricity
resistance, torment resistance 1, petrification resistance
a: no special abilities


You were on level 4 of the Dungeon.
You visited 1 branch of the dungeon, and saw 4 of its levels.

You collected 241 gold pieces.

Inventory:

Hand Weapons
 a - a +0 war axe (weapon)
 g - a +0 war axe
 i - a +0 flail
Armour
 b - a +0 scale mail (worn)
 c - a +1 buckler (worn)
Jewellery
 e - a ring of willpower (left hand)
 h - a ring of ice
Scrolls
 j - 2 scrolls of identify
 k - 2 scrolls of teleportation
Potions
 d - 2 potions of might
 f - a potion of resistance


   Skills:
 + Level 4.3 Fighting
 + Level 4.5 Axes
 + Level 4.0 Armour
 + Level 4.1 Shields


You had 5 spell levels left.
You didn't know any spells.
Your spell library was empty.

Dungeon Overview and Level Annotations

Branches:
Dungeon (4/15)
 Temple: D:4-7

Altars:

Shops:
D:1 (


Innate Abilities, Weirdness & Mutations

You are immune to sickness and miasma.
Your stone body is resilient. (AC +4)
You are immune to poison.
You resist negative energy. (rN+)
You are resistant to electric shocks. (rElec)
You are resistant to unholy torment.
You are immune to petrification.


Message History

No target in view!
No target in view!
No target in view!
There is an escape hatch in the ceiling here.
There is a stone staircase leading down here.
Found a robe.
Found a leather armour.
No target in view!
Found a stone staircase leading down.
No target in view!
Found a stone staircase leading up.
There is a stone staircase leading up here.
You see here a +0 robe.
You see here a +0 leather armour.
An ogre comes into view. It is wielding a +0 giant club.
The ogre shouts!
You hit the ogre.
The ogre is lightly wounded.
The ogre hits you with a +0 giant club!!
Ouch! That really hurt!
You are too injured to fight recklessly!
You are too injured to fight recklessly!
You are too injured to fight recklessly!
You are too injured to fight recklessly!
You are too injured to fight recklessly!
You are too injured to fight recklessly!
You are too injured to fight recklessly!
You hit the ogre but do no damage.
The ogre is lightly wounded.
The ogre closely misses you.
You slash the ogre!
The ogre is heavily wounded.
The ogre hits you with a +0 giant club!
* * * LOW HITPOINT WARNING * * *
You hit the ogre.
The ogre is severely wounded.
You hit the ogre.
The ogre is severely wounded.
The ogre hits you with a +0 giant club!
You die...

##########
#.@O......
#.######## #.#
######## #.#
.......# #.#
######.######
#.#
##...#...###.#
###.###).......#
#...# #....#####


You could see an ogre.

Vanquished Creatures
  2 orc priests (D:3)
  An iguana (D:4)
  3 orc wizards (D:3)
  4 adders
  2 worms
  10 orcs (D:3)
  6 bats
  9 endoplasms
  2 giant cockroaches
  8 goblins
  4 hobgoblins
  4 jackals (D:4)
  2 quokkas (D:3)
  6 ball pythons
  5 frilled lizards
  8 kobolds
  7 rats
83 creatures vanquished.

Notes
Turn   | Place    | Note
-------+----------+-------------------------------------------
     0 | D:1      | bande the Gargoyle Fighter began the quest for the Orb.
     0 | D:1      | Reached XP level 1. HP: 14/14 MP: 1/1
   261 | D:1      | Reached XP level 2. HP: 15/19 MP: 2/2
   551 | D:1      | Found Ejoosoh's Weapon Shoppe.
  1159 | D:2      | Reached XP level 3. HP: 24/24 MP: 3/3
  1464 | D:2      | Reached XP level 4. HP: 27/29 MP: 4/4
  1853 | D:3      | Reached XP level 5. HP: 32/33 MP: 5/5
  2205 | D:3      | HP: 1/33 [orc priest/divine providence (14)]
  2210 | D:3      | Reached XP level 6. HP: 2/38 MP: 6/6
  3669 | D:4      | Slain by an ogre

Illustrated notes

Levels and vault maps discovered:
D:1:      dpeg_arrival_pits, layout_loops_corners, serial_shops, shop
D:2:      layout_basic, kennysheep_generic_room_2
D:3:      layout_loops_ring, grunt_decor_resistance
D:4:      layout_loops_ring, minmay_misc_feat_chi

Skill      XL: |  1  2  3  4  5 |
---------------+----------------+-----
Axes           | 2 3 4 |  4.5
Fighting       | 4 |  4.3
Shields        | 4 |  4.1
Armour         | 4 |  4.0

Action                     |  1- 3 |  4- 6 || total
---------------------------+-------+-------++-------
  Melee: War axe           |    94 |   170 ||   264
    Use: Scroll            |       |     7 ||     7
 Armour: Scale mail        |    48 |    86 ||   134
  Dodge: Dodged            |    53 |    66 ||   119
  Block: Buckler           |    19 |    50 ||    69

Table legend: (Time is in decaauts)
 A = Elapsed time spent in this place.
 B = Non-inter-level travel time spent in this place.
 C = Inter-level travel time spent in this place.
 D = Time resting spent in this place.
 E = Time spent auto-exploring this place.
 F = Levels seen in this place.
 G = Mean time per level.
                   A        B        C        D        E       F      G
               +--------+--------+--------+--------+--------+-----+--------+
         Total |   3767 |   3675 |     92 |    685 |   2345 |   4 |  941.8 |
       Dungeon |   3767 |   3675 |     92 |    685 |   2345 |   4 |  941.8 |
               +--------+--------+--------+--------+--------+-----+--------+

Top non-repeatable levels by time:
     D:3: 1294 daAuts
     D:1: 921 daAuts
     D:2: 817 daAuts
     D:4: 733 daAuts
